 Dungeon Crawl Stone Soup version 0.15.2 (webtiles) character file.

129879 Heini the Shatterer (level 16, -6/174 HPs)
             Began as a Minotaur Fighter on Feb 21, 2015.
             Was the Champion of Okawaru.
             Mangled by a wolf spider (13 damage)
             ... on Level 5 of the Spider Nest.
             The game lasted 01:42:58 (30434 turns).

Heini the Shatterer (Minotaur Fighter)             Turns: 30434, Time: 01:42:58

HP  -6/174       AC 32     Str 27      XL: 16   Next: 51%
MP  11/11        EV  7     Int  5      God: Okawaru [******]
Gold 3466        SH  7     Dex 11      Spells:  0 memorised, 15 levels left

rFire  + . .     SeeInvis +     b - +6 eveningstar (protect)
rCold  + . .     Clarity  .     o - +2 plate armour {rF+}
rNeg   + . .     rCorr    .     r - +3 buckler
rPois  +         rRot     .     R - +0 hat
rElec  .         Spirit   .     p - +2 cloak
SustAb .         Warding  .     a - +0 pair of gloves
rMut   .         Stasis   .     U - +1 pair of boots of Distant Worlds {rC+ rN+ MR+}
Gourm  +                        V - amulet of the gourmand
MR     ++...                    X - ring of Vitality {HP+15 Regen}
                                K - ring of Lilacs {Wiz rPois SInv}

@: very resistant to hostile enchantments, extremely unstealthy
A: retaliatory headbutt, horns 2
a: Heroism, Finesse, Renounce Religion


You were on level 5 of the Spider Nest.
You worshipped Okawaru.
Okawaru was exalted by your worship.
You were very full.

You visited 5 branches of the dungeon, and saw 31 of its levels.
You also visited: Bailey.

You collected 3466 gold pieces.

Inventory:

Hand weapons
 b - a +6 eveningstar of protection (weapon)
 h - a +3 great mace of crushing
 E - a +1 great mace of holy wrath
Armour
 a - a +0 pair of gloves (worn)
 o - a +2 plate armour of fire resistance (worn)
 p - a +2 cloak (worn)
 r - a +3 buckler (worn)
 R - a +0 hat (worn)
 U - the +1 pair of boots of Distant Worlds (worn) {rC+ rN+ MR+}
   (You found it on level 8 of the Lair of Beasts)

   It protects you from cold.
   It protects you from negative energy.
   It affects your resistance to hostile enchantments.
Magical devices
 c - a wand of digging (18)
 F - a wand of teleportation (2)
 J - a wand of heal wounds (4)
 P - a wand of disintegration (6)
 Q - a wand of enslavement (16)
 Z - a wand of digging (11)
Comestibles
 d - 15 bread rations
 j - 15 fruits
 k - 11 meat rations
 m - 7 beef jerkies
 I - 4 slices of pizza
Scrolls
 f - 6 scrolls of fog
 g - 12 scrolls of remove curse
 i - 5 scrolls of teleportation
 n - a scroll of blinking
 v - 4 scrolls of recharging
 A - 6 scrolls of enchant armour
 C - a scroll of magic mapping
 D - 13 scrolls of identify
 M - 2 scrolls of enchant weapon
Jewellery
 w - an uncursed ring of protection from cold
 x - a +4 ring of protection
 y - an uncursed ring of protection from fire
 z - an uncursed ring of sustain abilities
 K - the ring of Lilacs (left hand) {Wiz rPois SInv}
   (You found it on level 3 of the Spider Nest)

   [ring of wizardry]

   It improves your spell success rate.
   It protects you from poison.
   It enhances your eyesight.
 O - an uncursed ring of protection from magic
 S - an uncursed amulet of stasis
 V - an amulet of the gourmand (around neck)
 X - the ring of Vitality (right hand) {HP+15 Regen}
   (You found it on level 5 of the Lair of Beasts)

   [ring of regeneration]

   It affects your health (+15).
   It increases your rate of regeneration.
Potions
 l - 4 potions of haste
 q - 10 potions of brilliance
 s - 3 potions of magic
 t - 8 potions of curing
 u - a potion of might
 B - a potion of invisibility {unknown}
 G - 3 potions of restore abilities
 H - a potion of cancellation
 N - 3 potions of agility
 T - a potion of flight
 Y - 2 potions of cure mutation


   Skills:
 * Level 18.7 Fighting
 * Level 21.5 Maces & Flails
 * Level 16.3 Armour
 * Level 6.6 Stealth
 - Level 3.6 Shields
 + Level 0.6 Invocations
 + Level 1.9 Evocations


You had 15 spell levels left.
You didn't know any spells.

Dungeon Overview and Level Annotations

Branches:
Dungeon (13/15)            Temple (1/1) D:4             Orc (4/4) D:12
    Elf (0/3) Orc:4          Lair (8/8) D:8          Shoals (0/5) Lair:5
 Spider (5/5) Lair:5        Slime (0/6) Lair:8
 Vaults: D:13-14

Altars:
Ashenzari
Cheibriados
Dithmenos
Elyvilon
Fedhas
Kikubaaqudgha
Makhleb
Nemelex Xobeh
Okawaru
Qazlal
Sif Muna
Trog
Vehumet
Xom
Yredelemnul
Zin
The Shining One

Shops:
Orc:4 *%}[


Innate Abilities, Weirdness & Mutations

You reflexively headbutt those who attack you in melee.
You have a pair of horns on your head.


Message History

The wolf spider bites you but does no damage.
The emperor scorpion tears through a web.
You are caught in the web!
There is a web here.
Unknown command.
You disentangle yourself.
The wolf spider hits you.
* * * LOW HITPOINT WARNING * * *
The wolf spider bites you but does no damage.
Unknown command.
The tarantella barely misses you.
The wolf spider hits you but does no damage.
The wolf spider closely misses you. You block the tarantella's attack.
The tarantella bites you but does no damage.
The wolf spider hits you but does no damage.
The wolf spider bites you.
* * * LOW HITPOINT WARNING * * *
The tarantella closely misses you.
There is a stone staircase leading up here.
The wolf spider hits you!
You die...

#..#..#.....#..#...^..#.
#^.^......#.#........#..
##s#....#..^^.^##.^.....
#.....#^..^#...###..≈≈≈.
#...#s^..#.....# #.≈≈≈≈≈
#..s...#.#...#.##^.≈≈##≈
##..#..s#.#....≈.##≈≈≈ ≈
#####ss##..#...≈≈≈#≈##≈
#^.@..)..##.≈#≈≈≈≈≈≈
##^#...#..#≈≈≈≈#≈.#.
###^.^.....≈≈≈≈≈^<#
#######..≈#≈#≈.#.
..≈#≈≈≈≈≈≈ .≈≈≈#≈###
#.#≈≈≈ #≈≈.≈≈ ≈#.≈≈


You could see a wolf spider, 2 orb spiders, a trapdoor spider and 2 tarantellas.

Vanquished Creatures
  Nikola (Spider:5)
  Arachne (Spider:3)
  Asterion (Spider:2)
  Rupert (Spider:3)
  Donald (Orc:4)
  Wiglaf (Spider:4)
  Maud (Lair:6)
  2 emperor scorpions
  Snorg (Spider:3)
  Josephine (Orc:3)
  Fannar (D:10)
  8 hydras
  A death yak (Lair:7)
  2 centaur warriors (D:13)
  Urug (D:12)
  The ghost of Huymann the Thaumaturge, an experienced HEWz of Vehumet (D:10)
  2 fire crabs
  4 orc high priests (Orc:4)
  12 orb spiders
  3 unseen horrors
  3 orc knights
  5 hill giants
  Erolcha (D:10)
  Pikel (D:8)
  2 orc sorcerers
  A griffon (Lair:5)
  A moth of wrath (Spider:3)
  3 ugly things
  18 wolf spiders
  A manticore (Lair:5)
  A cyclops (D:12)
  A red wasp (Spider:5)
  4 black mambas
  11 spiny frogs
  12 elephants
  3 torpor snails
  A gargoyle (D:13)
  Psyche (Orc:2)
  6 komodo dragons
  11 demonic crawlers
  A fire drake (Lair:1)
  28 jumping spiders
  A spriggan druid (Lair:8)
  The ghost of Heini the Covered, an average MiFi (D:4)
  11 polar bears
  4 trolls
  Sonja (Spider:1)
  12 blink frogs
  8 slime creatures
  2 shadows
  12 trapdoor spiders
  A boulder beetle (Lair:5)
  7 basilisks
  58 redbacks
  28 tarantellas
  28 yaks
  A wyvern (D:12)
  12 spriggans
  2 deep elf magi
  Eustachio (D:8)
  A hippogriff (shapeshifter) (D:13)
  A wraith (D:12)
  5 hippogriffs
  27 wolves
  2 hungry ghosts
  2 wargs
  A hill giant skeleton (D:13)
  10 water moccasins
  Menkaure (D:5)
  12 porcupines
  4 ice beasts
  22 orc warriors
  A sky beast (D:11)
  A slave (D:8)
  43 spiders
  A manticore zombie (D:9)
  6 yellow wasps
  7 black bears
  10 ogres
  2 phantoms
  8 centaurs
  A manticore skeleton (D:10)
  The ghost of Thrillho the Cutter, an average KoBe of Trog (D:3)
  Duvessa (D:6)
  17 crocodiles
  A boring beetle (Lair:7)
  22 giant frogs
  3 big kobolds
  8 scorpions
  8 killer bees
  2 eyes of draining
  7 wights
  An electric eel (Spider:2)
  2 quasits (D:11)
  Dowan (D:6)
  5 jellies
  11 crimson imps
  A giant frog skeleton (D:11)
  12 hounds
  A gnoll shaman (D:10)
  33 orc wizards
  38 orc priests
  An iron imp (D:10)
  5 worker ants
  12 iguanas
  A kobold skeleton (D:12)
  8 sheep (Lair:7)
  Jessica (D:2)
  A big kobold skeleton (D:7)
  Terence (D:2)
  A hound skeleton (D:8)
  A worker ant zombie (D:9)
  8 gnolls
  21 adders
  55 green rats
  4 orc zombies
  A scorpion zombie (D:5)
  A white imp (D:8)
  2 shadow imps
  3 giant mites
  A worm (D:2)
  An orc simulacrum (Orc:3)
  An adder skeleton (D:4)
  An adder zombie (D:5)
  An iguana zombie (D:6)
  5 orc skeletons
  An iguana skeleton (D:7)
  5 giant geckos
  2 oozes (D:2)
  153 orcs
  2 ball pythons
  A bat skeleton (D:4)
  A bat zombie (D:6)
  2 giant cockroaches
  2 gnoll zombies (D:6)
  28 goblins
  24 hobgoblins
  11 jackals
  10 quokkas
  18 bats
  A giant cockroach zombie (D:5)
  11 giant newts
  2 giant spores
  A gnoll skeleton (D:4)
  3 goblin zombies
  47 kobolds
  5 rats
  2 rat zombies
  12 ballistomycetes
1176 creatures vanquished.

Vanquished Creatures (others)
  An orb spider (Spider:4)
  A jumping spider (Spider:4)
  An orc priest (D:9)
  An orc zombie (Orc:3)
  4 orcs
  A quokka (D:8)
  A giant spore (D:13)
  7 fungi
  5 plants (Lair:7)
22 creatures vanquished.

Grand Total: 1198 creatures vanquished

Notes
Turn   | Place    | Note
--------------------------------------------------------------
     0 | D:1      | Heini, the Minotaur Fighter, began the quest for the Orb.
     0 | D:1      | Reached XP level 1. HP: 19/19 MP: 1/1
    64 | D:1      | Reached skill level 4 in Fighting
    64 | D:1      | Reached XP level 2. HP: 16/27 MP: 1/1
   332 | D:1      | Reached XP level 3. HP: 29/34 MP: 2/2
   801 | D:2      | Noticed Jessica
   805 | D:2      | Killed Jessica
   805 | D:2      | Reached XP level 4. HP: 28/41 MP: 2/2
  1048 | D:2      | Reached skill level 5 in Armour
  1388 | D:2      | Noticed Terence
  1395 | D:2      | Killed Terence
  1398 | D:2      | Reached skill level 5 in Fighting
  1546 | D:3      | Noticed Thrillho's ghost (average KoBe)
  1552 | D:3      | Killed Thrillho's ghost
  1552 | D:3      | Reached XP level 5. HP: 35/48 MP: 2/2
  1719 | D:3      | Reached XP level 6. HP: 7/56 MP: 3/3
  1994 | D:3      | Reached skill level 6 in Armour
  2051 | D:3      | Noticed a centaur
  2060 | D:3      | Killed a centaur
  2267 | D:4      | Found a staircase to the Ecumenical Temple.
  2282 | Temple   | Entered the Ecumenical Temple
  2587 | D:4      | Noticed Heini's ghost (average MiFi)
  2598 | D:4      | Killed Heini's ghost
  2598 | D:4      | Reached skill level 5 in Maces & Flails
  2598 | D:4      | Reached skill level 7 in Armour
  2598 | D:4      | Reached XP level 7. HP: 26/64 MP: 3/3
  2967 | D:5      | Entered Level 5 of the Dungeon
  2978 | D:5      | Noticed Menkaure
  2982 | D:5      | Killed Menkaure
  3718 | D:5      | Reached XP level 8. HP: 73/73 MP: 3/3
  3864 | D:6      | Reached skill level 8 in Armour
  3961 | D:6      | Noticed Duvessa
  3962 | D:6      | Noticed Dowan
  3972 | D:6      | Killed Duvessa
  3978 | D:6      | Killed Dowan
  4186 | D:6      | Found a basalt altar of Yredelemnul.
  4330 | D:6      | Found a glowing golden altar of the Shining One.
  4559 | D:7      | Found a radiant altar of Vehumet.
  4812 | D:7      | Reached skill level 9 in Fighting
  5115 | D:7      | Reached XP level 9. HP: 83/83 MP: 4/4
  5563 | D:7      | Reached skill level 10 in Fighting
  5591 | D:7      | Reached skill level 10 in Maces & Flails
  5901 | D:8      | Found a staircase to the Lair.
  5903 | D:8      | Reached XP level 10. HP: 56/94 MP: 4/4
  5923 | D:8      | Reached skill level 10 in Armour
  6168 | D:8      | Reached skill level 11 in Maces & Flails
  6172 | D:8      | Noticed Eustachio
  6195 | D:8      | Killed Eustachio
  6946 | D:9      | Noticed Pikel
  6987 | D:8      | Killed Pikel
  7171 | D:9      | Found an ancient bone altar of Kikubaaqudgha.
  7180 | D:9      | Paralysed by a yellow wasp for 3 turns
  7557 | D:9      | Found a shattered altar of Ashenzari.
  7558 | D:9      | Found an iron altar of Okawaru.
  7597 | D:9      | Reached skill level 12 in Maces & Flails
  7623 | D:9      | Became a worshipper of Warmaster Okawaru
  7777 | D:10     | Entered Level 10 of the Dungeon
  7796 | D:10     | Noticed Erolcha
  7813 | D:10     | Killed Erolcha
  7839 | D:10     | Noticed an unseen horror
  7849 | D:10     | Killed an unseen horror
  7849 | D:10     | Reached XP level 11. HP: 34/104 MP: 4/4
  8074 | D:10     | Noticed Huymann's ghost (experienced HEWz)
  8091 | D:10     | Acquired Okawaru's first power
  8111 | D:10     | Killed Huymann's ghost
  8412 | D:10     | Noticed Fannar
  8826 | D:10     | Got a faintly humming chain mail
  8837 | D:10     | Identified the +0 chain mail of Vehumet's Outrage {Str-2} (You found it on level 10 of the Dungeon)
  9436 | D:10     | Killed Fannar
  9541 | D:11     | Reached skill level 13 in Maces & Flails
  9607 | D:11     | Found a labyrinth entrance.
  9838 | D:11     | Noticed a hill giant
  9850 | D:11     | Killed a hill giant
 10335 | D:12     | Found a staircase to the Orcish Mines.
 10345 | D:12     | Noticed an unseen horror
 10350 | D:12     | Killed an unseen horror
 10424 | D:12     | Noticed a hill giant
 10434 | D:12     | Killed a hill giant
 10434 | D:12     | Reached skill level 14 in Maces & Flails
 10499 | D:12     | Noticed Urug
 10515 | D:12     | Killed Urug
 11120 | D:12     | Reached XP level 12. HP: 72/115 MP: 6/6
 11121 | D:12     | Noticed a hill giant
 11132 | D:12     | Killed a hill giant
 11436 | D:12     | Reached skill level 1 in Evocations
 12140 | D:13     | Reached skill level 15 in Maces & Flails
 12244 | D:13     | Noticed a centaur warrior
 12253 | D:13     | Killed a centaur warrior
 12253 | D:13     | Acquired Okawaru's second power
 12372 | D:13     | Noticed a centaur warrior
 12383 | D:13     | Killed a centaur warrior
 12473 | Orc:1    | Entered Level 1 of the Orcish Mines
 13131 | Orc:2    | Found a flagged portal.
 13141 | Bailey   | Entered a bailey
 13744 | Orc:2    | Noticed Psyche
 13751 | Orc:2    | Killed Psyche
 13822 | Orc:3    | Found an ancient bone altar of Kikubaaqudgha.
 13824 | Orc:3    | Noticed Josephine
 13854 | Orc:3    | Killed Josephine
 13894 | Orc:3    | Reached skill level 16 in Maces & Flails
 14061 | Orc:3    | Found a bloodstained altar of Trog.
 14726 | Orc:4    | Entered Level 4 of the Orcish Mines
 14726 | Orc:4    | Found a staircase to the Elven Halls.
 14832 | Orc:4    | Noticed Donald
 14854 | Orc:4    | Killed Donald
 14854 | Orc:4    | Reached XP level 13. HP: 66/125 MP: 7/8
 15023 | Orc:4    | Reached skill level 1 in Stealth
 15872 | Orc:4    | Found Skuganuka's Food Shoppe.
 15872 | Orc:4    | Found Chaskof's Armour Emporium.
 15873 | Orc:4    | Found Skizohai's Gadget Emporium.
 16080 | Orc:4    | Found Phujyuk's General Store.
 16879 | Lair:1   | Entered Level 1 of the Lair of Beasts
 17013 | Lair:1   | Reached skill level 15 in Fighting
 17013 | Lair:1   | Reached skill level 17 in Maces & Flails
 18942 | Lair:3   | Received a gift from Okawaru
 19896 | Lair:4   | Reached XP level 14. HP: 72/135 MP: 8/8
 19898 | Lair:4   | Reached skill level 18 in Maces & Flails
 21180 | Lair:5   | Found a hole to the Spider Nest.
 21385 | Lair:5   | Found a staircase to the Shoals.
 22332 | Lair:6   | Noticed Maud
 22350 | Lair:6   | Killed Maud
 22350 | Lair:6   | Received a gift from Okawaru
 23381 | Lair:7   | Reached skill level 15 in Armour
 23964 | Lair:8   | Entered Level 8 of the Lair of Beasts
 24053 | Lair:8   | Reached skill level 19 in Maces & Flails
 24279 | Lair:8   | Got a pair of pitted boots
 24303 | Lair:8   | Received a gift from Okawaru
 24368 | Lair:8   | Identified the +1 pair of boots of Distant Worlds {rC+ rN+ MR+} (You found it on level 8 of the Lair of Beasts)
 24539 | Lair:8   | Found a staircase to the Slime Pits.
 24611 | Lair:8   | Reached XP level 15. HP: 147/147 MP: 10/10
 24707 | Lair:8   | Identified a scroll of acquirement
 25244 | Spider:1 | Entered Level 1 of the Spider Nest
 25400 | Spider:1 | Reached skill level 5 in Stealth
 25448 | Spider:1 | Noticed Sonja
 25467 | Spider:1 | Killed Sonja
 26202 | Spider:1 | Received a gift from Okawaru
 26616 | Spider:2 | Reached skill level 20 in Maces & Flails
 26862 | Spider:2 | Noticed Asterion
 26864 | Spider:2 | Noticed a spectral weapon
 26895 | Spider:2 | Killed Asterion
 27902 | Spider:3 | Noticed Rupert
 27903 | Spider:3 | Noticed Arachne
 27930 | Spider:3 | Killed Arachne
 27930 | Spider:3 | Received a gift from Okawaru
 27937 | Spider:3 | Noticed Snorg
 28239 | Spider:3 | Reached XP level 16. HP: 157/157 MP: 10/10
 28341 | Spider:3 | Paralysed by Rupert for 2 turns
 28351 | Spider:3 | Killed Rupert
 28417 | Spider:3 | Killed Snorg
 28650 | Spider:3 | Got a smoking amber ring
 28978 | Spider:4 | Reached skill level 21 in Maces & Flails
 29060 | Spider:4 | Received a gift from Okawaru
 29222 | Spider:4 | Noticed Wiglaf
 29246 | Spider:4 | HP: 2/174 [Wiglaf/broad axe (17)]
 29265 | Spider:4 | HP: 6/174 [Wiglaf/broad axe (11)]
 29280 | Spider:4 | HP: 1/174 [Wiglaf/broad axe (14)]
 29534 | Spider:4 | Killed Wiglaf
 29536 | Spider:4 | Received a gift from Okawaru
 29868 | Spider:4 | Identified the ring of Lilacs {Wiz rPois SInv} (You found it on level 3 of the Spider Nest)
 30057 | Spider:5 | Entered Level 5 of the Spider Nest
 30118 | Spider:5 | Noticed Nikola
 30269 | Spider:5 | Killed Nikola
 30423 | Spider:5 | HP: 3/174 [wolf spider (10)]
 30429 | Spider:5 | HP: 8/174 [wolf spider (6)]
 30434 | Spider:5 | Mangled by a wolf spider

Action                   |  1- 3 |  4- 6 |  7- 9 | 10-12 | 13-15 | 16-18 || total
-------------------------+-------+-------+-------+-------+-------+-------++-------
Melee: Flail             |    91 |   127 |   322 |   182 |       |       ||   722
       Morningstar       |       |       |       |  1000 |  1144 |       ||  2144
       Eveningstar       |       |       |       |       |   500 |   319 ||   819
Invok: Heroism           |       |       |       |     3 |     1 |     2 ||     6
Evoke: Wand              |       |       |       |     6 |    10 |     1 ||    17
  Use: Scroll            |       |    11 |     5 |     7 |    13 |       ||    36
       Potion            |       |     2 |       |     7 |     1 |     2 ||    12
  Eat: Chunk             |       |     6 |    10 |    30 |    61 |    12 ||   119
